 Dungeon Crawl Stone Soup version 0.22-a0-110-g5b255cf (webtiles) character file.

48 DarkTechnomancer the Insei (level 3, -1/18 HPs)
             Began as a Vine Stalker Transmuter on Jan 27, 2018.
             Slain by an adder (3 damage)
             ... on level 2 of the Dungeon.
             The game lasted 00:09:34 (2190 turns).

DarkTechnomancer the Insei (VSTm)                   Turns: 2190, Time: 00:09:34

Health: -1/18      AC:  3    Str: 12    XL:     3   Next: 72%
Magic:  0/7        EV: 12    Int: 14    God:
Gold:   102        SH:  0    Dex: 14    Spells: 0/6 levels left

rFire    . . .     SeeInvis .     - Unarmed
rCold    . . .     Gourm    .   (no shield)
rNeg     . . .     Faith    .   b - +0 robe
rPois    .         Spirit   +   (no helmet)
rElec    .         Reflect  .   (no cloak)
rCorr    +         Harm     .   (no gloves)
MR       .....                  h - +0 pair of boots
Stlth    +.........             (no amulet)
HPRegen  0.06/turn              j - ring of resist corrosion
MPRegen  0.10/turn              (no ring)

@: no status effects
A: fangs 2, magic shield, antimagic bite, no potion heal 3, rot immunity
a: no special abilities


You were on level 2 of the Dungeon.
You were hungry.

You visited 1 branch of the dungeon, and saw 2 of its levels.

You collected 102 gold pieces.

Inventory:

Missiles
 a - 21 arrows
 e - 19 stones (quivered)
Armour
 b - a +0 robe (worn)
 h - a +0 pair of boots (worn)
Jewellery
 j - a ring of resist corrosion (left hand)
 q - a cursed amulet of inaccuracy {unknown}
 s - a +4 amulet of reflection {unknown}
Scrolls
 g - 2 scrolls of blinking {unknown}
 l - a scroll of amnesia {unknown}
 m - 3 scrolls of identify
 p - a scroll of immolation {unknown}
 t - a scroll of teleportation {unknown}
Potions
 f - 2 potions of curing
 i - a potion of might {unknown}
 k - a potion of degeneration {unknown}
 o - a potion of mutation {unknown}
 r - a potion of agility {unknown}
Books
 c - a book of Changes

   Spells                             Type                      Level
   a - Beastly Appendage              Transmutation                1
   b - Sticks to Snakes               Transmutation                2
   c - Spider Form                    Transmutation/Poison         3
   d - Ice Form                       Ice/Transmutation            4
   e - Blade Hands                    Transmutation                5
Comestibles
 d - 3 rations


   Skills:
 + Level 1.8 Fighting
 - Level 1.5 Dodging
 * Level 4.1 Unarmed Combat
 - Level 2.1 Spellcasting
 - Level 2.0 Transmutations


You couldn't memorise any spells.
You knew the following spells:

 Your Spells              Type           Power        Failure   Level  Hunger
a - Beastly Appendage     Tmut           #.....       11%         1    #......
b - Spider Form           Tmut/Pois      #.........   43%         3    ###....
s - Sticks to Snakes      Tmut           #.......     16%         2    ###....


Dungeon Overview and Level Annotations

Branches:
Dungeon (2/15)

Altars:
Dithmenos
Fedhas


Innate Abilities, Weirdness & Mutations

You have extremely sharp teeth.
When hurt, damage is shared between your health and your magic reserves.
Your bite disrupts and absorbs the magic of your enemies.
Potions cannot restore your health.
You are immune to rotting.


Message History

Okay, then.
As you read the scroll labeled YGEBLAD NOCSADD, it crumbles to dust.
It is a scroll of identify.
f - 2 potions of curing
Casting: Sticks to Snakes (safe; 16% risk of failure)
Confirm with . or Enter, or press ? or * to list all spells.
You create a snake!
You now have 22 arrows.
The adder bites you.
* * * LOW HITPOINT WARNING * * *
Casting: Sticks to Snakes (safe; 16% risk of failure)
Confirm with . or Enter, or press ? or * to list all spells.
You don't have enough magic to cast that spell.
You have no ailments to cure.
Okay, then.
Your ball python closely misses the adder. x2
Casting: Sticks to Snakes (safe; 16% risk of failure)
Confirm with . or Enter, or press ? or * to list all spells.
You create a snake!
You now have 21 arrows.
The adder closely misses you. The adder bites you.
You die...

###.#### ##....#.###......##...
#g# ##.#.### #.###....).. #.#
#.#.#####.# #..#.##. #.#
#.#.......###..#.### #.#
##'########.....#.### #.##
##...## #######.... #..#
##.....## ### ###### ##.##
##....SSS## ##.###.# #
###...####....g.@..####...##.####
#........'.........'.............
#.#...#..#......>..####...##.####
#.##.....##.......######.###.# #
#.####.#[###.....##..........# #
#........# ##...###.#######..#
######.### ##'## #.# #####..# #.#
#.# #.# #......# #.# #.# #.#
#.###.##


You could see a gnoll, an adder and 2 friendly ball pythons.

Vanquished Creatures
  2 gnolls (D:2)
  An ooze (D:1)
  A dart slug (D:2)
  2 leopard geckos
  2 bats
  3 giant cockroaches
  3 goblins
  3 hobgoblins
  2 jackals (D:1)
  A frilled lizard (D:1)
  A kobold (D:1)
  2 rats
23 creatures vanquished.

Notes
Turn   | Place    | Note
-------+----------+-------------------------------------------
     0 | D:1      | DarkTechnomancer the Vine Stalker Transmuter began the quest for the Orb.
     0 | D:1      | Reached XP level 1. HP: 9/9 MP: 4/4
    66 | D:1      | Reached skill level 1 in Fighting
   734 | D:1      | Reached XP level 2. HP: 10/14 MP: 3/6
   943 | D:1      | Learned a level 2 spell: Sticks to Snakes
  1421 | D:2      | Found a blossoming altar of Fedhas.
  1446 | D:2      | Found a shadowy altar of Dithmenos.
  1566 | D:2      | Reached XP level 3. HP: 18/18 MP: 5/7
  1801 | D:2      | Learned a level 3 spell: Spider Form
  1901 | D:2      | Reached skill level 4 in Unarmed Combat
  2190 | D:2      | Slain by an adder

Vault maps used:
D:1:      ncdulo_wetmaze
D:2:      nicolae_overflow_crystal_walls, lemuel_crystal_altar, uniq_jessica

Skill      XL: |  1  2  3 |
---------------+----------+-----
Fighting       | 1 |  1.8
Unarmed Combat | 4 |  4.1
Dodging        | |  1.5
Spellcasting   | |  2.1
Transmutations | |  2.0

Action                   || total
-------------------------++-------
Melee: Unarmed           ||    48
       Headbutt          ||    12
       Bite              ||     9
       Punch             ||     1
Throw: Stone             ||     1
 Cast: Beastly Appendage ||    17
       Sticks to Snakes  ||    10
  Use: Scroll            ||     1
  Eat: Chunk             ||     4
Armor: Robe              ||    14
Dodge: Dodged            ||    25

Table legend:
 A = Spawn XP
 B = Non-spawn XP
 C = Spawn XP percentage of total XP
 D = Spawn monster count
 E = Non-spawn monster count
 F = Spawn count percentage of total count
 G = Total turns spent on level
                    A         B        C        D         E        F      G
               +---------+---------+-------+---------+---------+-------+---------
         Total |       0 |      69 |   0.0 |       0 |      23 |   0.0 |  2190
               +---------+---------+-------+---------+---------+-------+---------
           D:1 |       0 |      31 |   0.0 |       0 |      14 |   0.0 |  1417
           D:2 |       0 |      38 |   0.0 |       0 |       9 |   0.0 |   773
               +---------+---------+-------+---------+---------+-------+---------
